 Dungeon Crawl Stone Soup version 0.22-a0-126-g307c7c3 (webtiles) character file.

166 KristoblXynda the Slasher (level 5, 0/49 HPs)
             Began as a Naga Berserker on Jan 30, 2018.
             Was a Believer of Trog.
             Slain by a gnoll (6 damage)
             ... on level 3 of the Dungeon.
             The game lasted 00:05:51 (4489 turns).

KristoblXynda the Slasher (Naga Berserker)          Turns: 4489, Time: 00:05:52

Health: 0/49       AC:  4    Str: 19    XL:     5   Next: 47%
Magic:  5/5        EV:  9    Int:  9    God:    Trog [**....]
Gold:   112        SH:  0    Dex: 10    Spells: 4/4 levels left

rFire    . . .     SeeInvis +   a - +0 falchion
rCold    + . .     Gourm    .   (no shield)
rNeg     . . .     Faith    .   h - +0 ring mail
rPois    +         Spirit   .   (no helmet)
rElec    .         Reflect  .   (no cloak)
rCorr    .         Harm     .   (no gloves)
MR       +....                  (no barding)
Stlth    +.........             (no amulet)
HPRegen  0.16/turn              i - ring of protection from cold
MPRegen  0.09/turn              n - ring of protection from magic

@: very slow
A: large, see invisible, deformed body, poison resistance, slowness 2, slow
metabolism 1, spit poison 1, AC +1
a: Spit Poison, Berserk, Trog's Hand, Burn Spellbooks, Renounce Religion


You were on level 3 of the Dungeon.
You worshipped Trog.
Trog was pleased with you.
You were near starving.

You visited 1 branch of the dungeon, and saw 4 of its levels.

You collected 112 gold pieces.

Inventory:

Hand Weapons
 a - a +0 falchion (weapon)
Missiles
 l - 7 javelins (quivered)
Armour
 h - a +0 ring mail (worn)
Jewellery
 i - a ring of protection from cold (left hand)
 n - a ring of protection from magic (right hand)
Scrolls
 e - a scroll of fear {unknown}
 m - a scroll of enchant armour {unknown}
 o - a scroll of identify
 p - a scroll of teleportation
Potions
 b - 2 potions of heal wounds
 d - a potion of haste {unknown}
 f - a potion of berserk rage {unknown}
 g - 2 potions of resistance
 j - a potion of curing {unknown}
 k - a potion of degeneration {unknown}
Comestibles
 c - 3 rations


   Skills:
 - Level 3.0 Fighting
 + Level 4.1 Long Blades
 + Level 2.8 Armour
 + Level 2.8 Dodging
 + Level 1.0 Stealth


You had 4 spell levels left.
You didn't know any spells.

Dungeon Overview and Level Annotations

Branches:
Dungeon (4/15)
 Temple: D:4-7

Altars:
Ru


Innate Abilities, Weirdness & Mutations

You cannot wear boots.
Your serpentine skin is tough. (AC +1)
You have supernaturally acute eyesight. (SInv)
Armour fits poorly on your strangely shaped body.
Your system is resistant to poisons. (rPois)
You cover ground very slowly.
You have a slow metabolism.
You can spit poison.


Message History

The gnoll hits you. The gnoll hits you but does no damage.
You see here a whip.
You closely miss the gnoll.
The gnoll is lightly wounded.
The gnoll hits you but does no damage.
You closely miss the gnoll.
The gnoll is lightly wounded.
The gnoll hits you.
You closely miss the gnoll.
The gnoll is lightly wounded.
The gnoll hits you.
* * * LOW HITPOINT WARNING * * *
You closely miss the gnoll.
The gnoll is lightly wounded.
The gnoll hits you.
* * * LOW HITPOINT WARNING * * *
You closely miss the gnoll.
The gnoll is lightly wounded.
The gnoll hits you.
You die...

.# #...##.....#.######### .#
#.#.##.#####.# ###### .# #.#..#.#
#.# #..... #### #.#..#.#####.#
##..).. ...#########.#........#.#
#......
.............#+#..###.#.###......
...########.......# #.#..........
..........#......)###'######.....
..#.#####.#.....@>#..=...)....###
..#.## #.#.....g##.....#####.#
.....####.####'####.....#####.#
..###[....# #.# #.....#...#.# ..#
#....## #.# #.....#.#.#.### ###
#....# #.# #.....#.#.#.... #....#
#.# ###'#.#.#.#.... #.#### #.#
#.#.#.#.#.... #.# #.#
#.#.#.#.#....


You could see a gnoll.

Vanquished Creatures
  2 gnolls (D:3)
  6 adders
  2 oozes (D:1)
  2 worms (D:2)
  3 dart slugs
  4 leopard geckos
  4 orcs (D:3)
  4 bats
  A giant cockroach (D:2)
  8 goblins
  5 hobgoblins
  4 jackals (D:2)
  3 quokkas
  10 frilled lizards
  9 kobolds
  2 rats (D:3)
69 creatures vanquished.

Notes
Turn   | Place    | Note
-------+----------+-------------------------------------------
     0 | D:1      | KristoblXynda the Naga Berserker began the quest for the Orb.
     0 | D:1      | Reached XP level 1. HP: 21/21 MP: 1/1
     8 | D:1      | Noticed an electric eel
   374 | D:1      | Reached XP level 2. HP: 17/28 MP: 2/2
  1027 | D:1      | Reached XP level 3. HP: 34/34 MP: 3/3
  1738 | D:2      | Found a sacrificial altar of Ru.
  1749 | D:2      | Reached XP level 4. HP: 31/42 MP: 4/4
  1908 | D:2      | Reached ** piety under Trog
  2960 | D:3      | Reached XP level 5. HP: 30/49 MP: 5/5
  2986 | D:3      | Reached skill level 4 in Long Blades
  4483 | D:3      | Reached skill level 1 in Stealth
  4489 | D:3      | Slain by a gnoll

Vault maps used:
D:1:      arrival_aquarium_a
D:2:      overflow_temple_1_default, minmay_lizard_pond
D:4:      first_ration, uniq_ijyb

Skill      XL: |  1  2  3  4  5 |
---------------+----------------+-----
Armour         | 2 |  2.8
Dodging        | 2 |  2.8
Long Blades    | 4 |  4.1
Stealth        | 1 |  1.0
Fighting       | |  3.0

Action                   |  1- 3 |  4- 6 || total
-------------------------+-------+-------++-------
Melee: Falchion          |    78 |   174 ||   252
Invok: Berserk           |     1 |       ||     1
 Abil: Spit Poison       |     3 |     1 ||     4
  Use: Scroll            |     5 |     2 ||     7
  Eat: Chunk             |     2 |     6 ||     8
Armor: Animal skin       |     2 |       ||     2
       Ring mail         |    18 |    70 ||    88
Dodge: Dodged            |    61 |    90 ||   151
       Rpst.: Falchion   |    24 |    23 ||    47

Table legend:
 A = Spawn XP
 B = Non-spawn XP
 C = Spawn XP percentage of total XP
 D = Spawn monster count
 E = Non-spawn monster count
 F = Spawn count percentage of total count
 G = Total turns spent on level
                    A         B        C        D         E        F      G
               +---------+---------+-------+---------+---------+-------+---------
         Total |       0 |     238 |   0.0 |       0 |      69 |   0.0 |  4489
               +---------+---------+-------+---------+---------+-------+---------
           D:1 |       0 |      42 |   0.0 |       0 |      17 |   0.0 |  1366
           D:2 |       0 |      87 |   0.0 |       0 |      27 |   0.0 |  1225
           D:3 |       0 |     109 |   0.0 |       0 |      25 |   0.0 |  1891
               +---------+---------+-------+---------+---------+-------+---------
